 Dungeon Crawl Stone Soup version 0.24.0-13-gcf9b319 (webtiles) character file.

Game seed: 14060176162939202843, levelgen mode: deterministic

979 Bronimir the Stinger (level 8, -3/43 HPs)
             Began as a Tengu Venom Mage on Mar 25, 2020.
             Was a Follower of Vehumet.
             Killed by divine providence
             ... invoked by an orc priest
              (14 damage)
             ... on level 5 of the Dungeon.
             The game lasted 00:13:03 (4260 turns).

Bronimir the Stinger (Tengu Venom Mage)             Turns: 4260, Time: 00:13:04

Health: -3/43      AC:  8    Str: 10    XL:     8   Next: 17%
Magic:  9/15       EV: 13    Int: 17    God:    Vehumet [*.....]
Gold:   46         SH:  0    Dex: 14    Spells: 4/15 levels left

rFire    . . .     SeeInvis +   a - +0 scythe
rCold    . . .     Gourm    .   (shield currently unavailable)
rNeg     . . .     Faith    .   C - +0 troll leather armour {Purgy}
rPois    .         Spirit   .   (helmet restricted)
rElec    .         Reflect  .   A - +2 cloak {MR+}
rCorr    .         Harm     .   r - +0 pair of gloves
MR       +....                  (boots unavailable)
Stlth    ++........             e - amulet of regeneration
HPRegen  0.94/turn              j - ring of see invisible
MPRegen  0.14/turn              (no ring)

@: no status effects
A: beak, talons 3, able to fly
a: Fly, Renounce Religion


You were on level 5 of the Dungeon.
You worshipped Vehumet.
Vehumet was aware of your devotion.
You were not hungry.

You visited 1 branch of the dungeon, and saw 5 of its levels.

You collected 248 gold pieces.
You spent 202 gold pieces at shops.

Inventory:

Hand Weapons
 a - a +0 scythe (weapon)
 b - a +0 hunting sling
 f - a +0 club
 h - a cursed +0 whip
 v - a +0 whip
Missiles
 n - 156 stones (quivered)
 s - 6 sling bullets
Armour
 r - a +0 pair of gloves (worn)
 A - a +2 cloak of magic resistance (worn)
 C - a +0 troll leather armour (worn) {Purgy}
 D - a cursed -1 shield
Jewellery
 e - an amulet of regeneration (around neck)
 j - a ring of see invisible (left hand)
Wands
 t - a wand of flame (20)
 x - a wand of iceblast (7)
 y - a wand of scattershot (4)
Scrolls
 o - a scroll of identify
 p - a scroll of noise {unknown}
 w - a scroll of remove curse
Potions
 d - 3 potions of agility {unknown}
 g - a potion of might {unknown}
 i - a potion of lignification {unknown}
 k - 2 potions of resistance {unknown}
 l - a potion of invisibility {unknown}
 m - a potion of ambrosia {unknown}
 u - a potion of haste {unknown}
 z - a potion of heal wounds {unknown}
Comestibles
 c - 6 rations


   Skills:
 + Level 1.2 Fighting
 + Level 2.7 Polearms
 * Level 3.5 Armour
 + Level 3.0 Dodging
 - Level 2.0 Stealth
 + Level 4.1 Spellcasting
 * Level 4.9 Conjurations
 + Level 2.5 Air Magic
 * Level 5.5 Poison Magic


You had 4 spell levels left.
You knew the following spells:

 Your Spells              Type           Power        Failure   Level  Hunger
a - Sting                 Conj/Pois      ###.         2%          1    None
b - Poisonous Vapours     Pois/Air       ###...       6%          2    ##.....
c - Mephitic Cloud        Conj/Pois/Air  ###.....     11%         3    ###....
d - Olgreb's Toxic Radia  Pois           ###.....     21%         4    ####...
e - Shock                 Conj/Air       ###.         4%          1    None

Your spell library contained the following spells:

 Spells                   Type           Power        Failure   Level  Hunger
 Animate Skeleton         Necr           N/A          21%         1    None
 Apportation              Tloc           #.....       21%         1    None
 Confusing Touch          Hex            #.....       21%         1    None
 Summon Small Mammal      Summ           #...         21%         1    None
 Venom Bolt               Conj/Pois      ###.......   54%         5    ######.


Dungeon Overview and Level Annotations

Branches:
Dungeon (5/15)
 Temple: D:4-7

Altars:
Elyvilon
Kikubaaqudgha
Trog
Vehumet
Zin

Shops:
D:4 [


Innate Abilities, Weirdness & Mutations

You have a beak for a mouth.
You have claws for feet.
You can fly continuously.


Message History

You hear an angry hiss.
You hear a shout! x2
You kill the orc!
Vehumet accepts your kill.
You feel your power returning.
The orc priest is engulfed in noxious fumes.
The orc priest appears confused.
The orc priest calls down the wrath of Beogh upon you.
Beogh smites you!
A hound zombie comes into view.
The orc wizard casts a spell at you. The magic dart hits you!
The orc priest invokes the aid of Beogh against you.
Beogh smites you!
* * * LOW HITPOINT WARNING * * *
There is a stone staircase leading up, spattered with blood here.
The orc priest is engulfed in noxious fumes.
The orc priest appears confused.
The orc priest calls down the wrath of Beogh upon you.
Beogh smites you!
You die...

#....# .
+....# ..
#....# ...
#....# ....
#....# .....
#....#
....○○#....#
<...○o°.@).#
.o..o○#....#
..Z.. #.)..#
.... #..).#
.o. #...)#
.. #....# .
#.....
#......
#.......


You could see 2 orc priests, an orc and a hound zombie.

Vanquished Creatures
  Sigmund (D:3)
  Menkaure (D:4)
  Purgy (D:3)
  An orc warrior (D:5)
  A scorpion (D:4)
  3 hounds (D:4)
  2 orc priests
  4 orc wizards
  3 worker ants
  A hound zombie (D:5)
  An adder (D:4)
  3 shadow imps (D:4)
  An adder skeleton (D:4)
  5 worms
  3 dart slugs
  4 leopard geckos
  8 orcs
  5 giant cockroaches
  4 goblins
  9 hobgoblins
  7 jackals (D:4)
  A quokka (D:3)
  A ball python (D:3)
  3 bats
  3 frilled lizards
  A jackal skeleton (D:4)
  7 kobolds
  A quokka skeleton (D:4)
  3 rats
88 creatures vanquished.

Notes
Turn   | Place    | Note
-------+----------+-------------------------------------------
     0 | D:1      | Bronimir the Tengu Venom Mage began the quest for the Orb.
     0 | D:1      | Reached XP level 1. HP: 10/10 MP: 4/4
   211 | D:1      | Reached XP level 2. HP: 14/15 MP: 1/6
   215 | D:1      | Learned a level 2 spell: Poisonous Vapours
   854 | D:2      | Found a radiant altar of Vehumet.
   860 | D:2      | Became a worshipper of Vehumet
   947 | D:2      | Found a glowing silver altar of Zin.
   947 | D:2      | Noticed an angel
  1068 | D:2      | Reached XP level 3. HP: 19/19 MP: 0/7
  1463 | D:2      | Found an ancient bone altar of Kikubaaqudgha.
  1527 | D:2      | Learned a level 3 spell: Mephitic Cloud
  1646 | D:3      | Noticed Sigmund
  1682 | D:3      | Killed Sigmund
  1682 | D:3      | Reached skill level 1 in Armour
  1682 | D:3      | Reached skill level 1 in Air Magic
  1682 | D:3      | Reached skill level 4 in Poison Magic
  1682 | D:3      | Reached XP level 4. HP: 15/24 MP: 0/9
  1682 | D:3      | Gained mutation: You can fly continuously. [Tengu growth]
  1682 | D:3      | Reached XP level 5. HP: 17/28 MP: 0/10
  1994 | D:3      | Reached XP level 6. HP: 21/33 MP: 4/11
  2385 | D:3      | Noticed Purgy
  2523 | D:3      | Learned a level 4 spell: Olgreb's Toxic Radiance
  2546 | D:3      | Killed Purgy
  2602 | D:3      | Reached skill level 1 in Polearms
  3024 | D:4      | Found Ymamn's Antique Armour Shoppe.
  3084 | D:4      | Bought a runed cloak for 202 gold pieces
  3112 | D:4      | Found a white marble altar of Elyvilon.
  3121 | D:4      | Reached XP level 7. HP: 36/37 MP: 6/13
  3128 | D:4      | Reached * piety under Vehumet
  3128 | D:4      | Offered knowledge of Shock by Vehumet.
  3293 | D:4      | Learned a level 1 spell: Shock
  3310 | D:4      | Noticed Menkaure
  3318 | D:4      | Killed Menkaure
  3318 | D:4      | Reached skill level 1 in Fighting
  3435 | D:4      | Reached skill level 5 in Poison Magic
  3678 | D:4      | Found a transporter.
  3681 | D:4      | Found a bloodstained altar of Trog.
  3860 | D:4      | Found a transporter.
  4053 | D:5      | Entered Level 5 of the Dungeon
  4057 | D:5      | Reached XP level 8. HP: 11/43 MP: 3/15
  4260 | D:5      | Killed from afar by an orc priest

Levels and vault maps discovered:
D:1:      zelgadis_glass_arrival_small, layout_rooms
D:2:      layout_loops_corners, zin_angel, kiku_gazebo_garden_becter,
          lemuel_round_altar, first_ration, hangedman_decor_points
D:3:      layout_loops_ring, uniq_purgy, uniq_sigmund
D:4:      gammafunk_wand_slinger, layout_rooms, lemuel_round_altar,
          serial_shops, shop, hex_large, trog_hazing_becter, uniq_menkaure
D:5:      minmay_spotlight, layout_gridville, uniq_duvessa

Skill      XL: |  1  2  3  4  5  6  7 |
---------------+----------------------+-----
Conjurations   | 2 3 4 |  4.9
Armour         | 1 2 3 |  3.5
Spellcasting   | 3 4 |  4.1
Air Magic      | 1 2 |  2.5
Poison Magic   | 4 5 |  5.5
Polearms       | 1 2 |  2.7
Fighting       | 1 |  1.2
Dodging        | 3 |  3.0
Stealth        | |  2.0

Action                   |  1- 3 |  4- 6 |  7- 9 || total
-------------------------+-------+-------+-------++-------
Melee: Unarmed           |     5 |       |       ||     5
       Club              |     7 |       |       ||     7
       Kick              |     9 |    17 |     8 ||    34
       Peck              |     5 |     9 |     4 ||    18
       Whip              |    12 |       |       ||    12
       Scythe            |       |    68 |    56 ||   124
 Fire: Hunting sling     |     3 |       |       ||     3
 Cast: Sting             |    17 |    16 |    12 ||    45
       Poisonous Vapours |    12 |    14 |    15 ||    41
       Olgreb's Toxic Ra |       |     2 |     7 ||     9
       Mephitic Cloud    |       |     2 |     3 ||     5
       Shock             |       |       |    11 ||    11
  Use: Scroll            |       |       |     6 ||     6
 Stab: Confused          |       |     2 |       ||     2
       Sleeping          |       |     1 |     1 ||     2
  Eat: Chunk             |     1 |     6 |     6 ||    13
       Ration            |     1 |       |       ||     1
Armor: Robe              |     1 |     8 |       ||     9
       Leather armour    |       |     5 |       ||     5
       Troll leather arm |       |    14 |    25 ||    39
Dodge: Dodged            |    15 |    70 |    51 ||   136
